 Dungeon Crawl Stone Soup version 0.21.1-1-g345015f (webtiles) character file.

389 Slunt the Grave Robber (level 6, 0/47 HPs)
             Began as a Demonspawn Necromancer on May 23, 2018.
             Slain by an orc wizard
             ... wielding a +0 dagger
              (1 damage)
             ... on level 4 of the Dungeon.
             The game lasted 00:11:43 (4415 turns).

Slunt the Grave Robber (Demonspawn Necromancer)     Turns: 4415, Time: 00:11:43

Health: 0/47       AC: 10    Str:  8    XL:     6   Next: 50%
Magic:  10/13      EV: 17    Int: 18    God:
Gold:   127        SH:  0    Dex: 19    Spells: 6/15 levels left

rFire    . . .     SeeInvis .   e - +1 mace
rCold    . . .     Gourm    .   (no shield)
rNeg     . . .     Faith    .   a - +0 robe
rPois    .         Spirit   .   (no helmet)
rElec    .         Reflect  .   (no cloak)
rCorr    .         Harm     .   (no gloves)
MR       .....                  h - +1 pair of boots
Stlth    +++.......             (no amulet)
HPRegen  0.15/turn              m - +4 ring of protection
MPRegen  0.13/turn              (no ring)

@: agile
A: hooves 1, molten scales 1, powered by death 1
a: no special abilities


You were on level 4 of the Dungeon.
You were not hungry.

You visited 1 branch of the dungeon, and saw 5 of its levels.

You collected 127 gold pieces.

Inventory:

Hand Weapons
 e - a +1 mace (weapon)
Missiles
 d - 63 stones (quivered)
 o - 6 poisoned needles
Armour
 a - a +0 robe (worn)
 h - a +1 pair of boots (worn)
Jewellery
 m - a +4 ring of protection (left hand)
Scrolls
 l - a scroll of immolation
Books
 b - a book of Necromancy

   Spells                             Type                      Level
   a - Pain                           Necromancy                   1
   b - Animate Skeleton               Necromancy                   1
   c - Vampiric Draining              Necromancy                   3
   d - Regeneration                   Charms/Necromancy            3
   e - Animate Dead                   Necromancy                   4
   f - Borgnjor's Vile Clutch         Necromancy/Earth             5
Comestibles
 c - 4 rations


   Skills:
 + Level 3.2 Fighting
 - Level 1.7 Dodging
 - Level 1.7 Stealth
 - Level 5.0 Spellcasting
 - Level 5.2 Necromancy


You had 6 spell levels left.
You knew the following spells:

 Your Spells              Type           Power        Failure   Level  Hunger
a - Pain                  Necr           ###.         1%          1    None
b - Animate Skeleton      Necr           N/A          1%          1    None
c - Regeneration          Chrm/Necr      ##........   14%         3    ##.....
d - Animate Dead          Necr           N/A          16%         4    ####...


Dungeon Overview and Level Annotations

Branches:
Dungeon (5/15)
 Temple: D:4-7

Altars:
Ashenzari


Innate Abilities, Weirdness & Mutations

You have large cloven feet.
You are partially covered in molten scales. (AC +2)
You regenerate a little health from kills.


Message History

Press: ? - help, Shift-Dir - straight line, f/p - orc wizard
Aim: an orc wizard, wielding a dagger and wearing a robe (severely wounded, fast, chance to defeat MR: 83%)
The orc wizard barely resists.
The orc wizard hits you but does no damage.
Unknown command.
You barely miss the orc wizard.
The orc wizard is severely wounded.
The orc wizard misses you.
The orc wizard hits you but does no damage.
Unknown command.
Okay, then.
Casting: Pain
Confirm with . or Enter, or press ? or * to list all spells.
Aiming: Pain
Press: ? - help, Shift-Dir - straight line, f/p - orc wizard
Aim: an orc wizard, wielding a dagger and wearing a robe (severely wounded, fast, chance to defeat MR: 83%)
The orc wizard barely resists.
The orc wizard hits you but does no damage.
The orc wizard hits you with a dagger.
You die...

#........ # ## #..#. #........
#. ## #..#. #........
.#######.... #.......#
.....(...#.# #.......# #..#
..##.# ## #.......######..#
#....####.##
#...........^...####.###.....#.
+.....$....W.o@....>.....<# #.
#.............#.#.##..##))# #.
######........#.#.##..##).# #.
#...$....#.#.##......#####
#........#.....[.###...$..
#........###.##### #######
............###.# #
###..........##.## #
#.####.......... #


You could see a phantom and an orc wizard.

Vanquished Creatures
  A centaur (D:3)
  A scorpion (D:5)
  A howler monkey (D:2)
  A hound (D:5)
  2 orc priests
  An orc wizard (D:4)
  2 adders
  An ooze (D:3)
  An adder skeleton (D:4)
  2 worms
  A leopard gecko (D:2)
  16 orcs
  A giant cockroach (D:2)
  5 goblins
  5 hobgoblins
  2 jackals (D:3)
  2 ball pythons
  5 bats
  2 frilled lizards
  6 kobolds
  6 rats
64 creatures vanquished.

Vanquished Creatures (collateral kills)
  A worm (D:3)
  A dart slug (D:3)
  A bat (D:3)
  A hobgoblin (D:3)
  3 jackals (D:3)
  A quokka (D:3)
  A kobold (D:3)
  A rat (D:3)
10 creatures vanquished.

Grand Total: 74 creatures vanquished

Notes
Turn   | Place    | Note
-------+----------+-------------------------------------------
     0 | D:1      | Slunt the Demonspawn Necromancer began the quest for the Orb.
     0 | D:1      | Reached XP level 1. HP: 13/13 MP: 3/3
     2 | D:1      | Learned a level 1 spell: Animate Skeleton
   612 | D:1      | Found a shattered altar of Ashenzari.
   680 | D:1      | Gained mutation: You regenerate a little health from kills. [demonic ancestry]
   680 | D:1      | Reached XP level 2. HP: 10/19 MP: 3/5
   796 | D:1      | Reached skill level 5 in Necromancy
  1778 | D:2      | Gained mutation: You have large cloven feet. [demonic ancestry]
  1778 | D:2      | Reached XP level 3. HP: 12/24 MP: 2/7
  2007 | D:2      | Learned a level 3 spell: Regeneration
  2036 | D:2      | Reached XP level 4. HP: 11/30 MP: 0/9
  2580 | D:3      | Noticed a centaur
  2591 | D:3      | Killed a centaur
  2591 | D:3      | Reached XP level 5. HP: 21/35 MP: 7/11
  2746 | D:3      | Reached skill level 5 in Spellcasting
  2763 | D:3      | Learned a level 4 spell: Animate Dead
  3289 | D:4      | Reached skill level 1 in Fighting
  3308 | D:5      | Entered Level 5 of the Dungeon
  3319 | D:5      | Gained mutation: You are partially covered in molten scales. (AC +2) [demonic ancestry]
  3319 | D:5      | Reached XP level 6. HP: 14/44 MP: 2/13
  3475 | D:5      | Noticed a sky beast
  3483 | D:4      | HP: 2/46 [poisoned by a scorpion]
  4409 | D:4      | HP: 2/47 [orc wizard/magic dart (9)]
  4415 | D:4      | Slain by an orc wizard

Skill      XL: |  1  2  3  4  5  6 |
---------------+-------------------+-----
Necromancy     | 5 |  5.2
Spellcasting   | 3 4 5 |  5.0
Fighting       | 1 3 |  3.2
Dodging        | |  1.7
Stealth        | |  1.7

Action                   |  1- 3 |  4- 6 || total
-------------------------+-------+-------++-------
Melee: Mace              |    61 |   181 ||   242
 Cast: Pain              |    22 |    40 ||    62
       Animate Skeleton  |     4 |     5 ||     9
       Regeneration      |       |     3 ||     3
       Animate Dead      |       |     2 ||     2
  Use: Potion            |     2 |     6 ||     8
       Scroll            |       |    10 ||    10
 Stab: Sleeping          |     1 |       ||     1
  Eat: Ration            |     1 |     2 ||     3
       Chunk             |       |     4 ||     4
Armor: Robe              |    18 |    69 ||    87
Dodge: Dodged            |    55 |   198 ||   253
